 Dungeon Crawl Stone Soup version 0.24.0-37-gcf1ca852f1 (webtiles) character file.

Game seed: 10026490787995656409, levelgen mode: deterministic

61 Curus the Twirler (level 3, -2/27 HPs)
             Began as a Demonspawn Gladiator on Dec 4, 2019.
             Slain by a hobgoblin (5 damage)
             ... led by Robin
             ... on level 2 of the Dungeon.
             The game lasted 00:04:10 (1244 turns).

Curus the Twirler (Demonspawn Gladiator)            Turns: 1244, Time: 00:04:10

Health: -2/27      AC:  8    Str: 14    XL:     3   Next: 83%
Magic:  3/3        EV:  8    Int:  9    God:
Gold:   45         SH:  0    Dex: 15    Spells: 2/2 levels left

rFire    . . .     SeeInvis .   a - +0 quarterstaff
rCold    . . .     Gourm    .   (shield currently unavailable)
rNeg     . . .     Faith    .   e - +0 chain mail
rPois    .         Spirit   .   (helmet restricted)
rElec    .         Reflect  .   (no cloak)
rCorr    .         Harm     .   (no gloves)
MR       .....                  (no boots)
Stlth    ..........             (no amulet)
HPRegen  0.09/turn              (no ring)
MPRegen  0.08/turn              (no ring)

@: no status effects
A: antennae 1, sturdy frame 1
a: no special abilities


You were on level 2 of the Dungeon.
You were not hungry.

You visited 1 branch of the dungeon, and saw 2 of its levels.

You collected 45 gold pieces.

Inventory:

Hand Weapons
 a - a +0 quarterstaff (weapon)
Missiles
 d - 3 throwing nets (quivered)
Armour
 b - a +0 leather armour
 c - a +0 helmet
 e - a +0 chain mail (worn)
Scrolls
 g - a scroll of remove curse {unknown}
Comestibles
 f - 3 rations


   Skills:
 - Level 2.0 Fighting
 + Level 4.4 Staves
 - Level 1.7 Throwing
 - Level 2.6 Dodging


You had 2 spell levels left.
You didn't know any spells.
Your spell library was empty.

Dungeon Overview and Level Annotations

Branches:
Dungeon (2/15)

Altars:

Annotations:
D:2 Robin


Innate Abilities, Weirdness & Mutations

You have a pair of small antennae on your head.
Your movements are slightly less encumbered by armour. (ER -2)


Message History

The goblin closely misses you.
You hit the goblin.
You kill the goblin!
The hobgoblin hits you but does no damage.
You see here a +1 dagger of holy wrath.
Robin throws the goblin at you!
Your chain mail prevents you from hitting the goblin.
The hobgoblin hits you.
* * * LOW HITPOINT WARNING * * *
The goblin hits you but does no damage.
You closely miss the goblin.
The hobgoblin no longer looks unusually strong.
The hobgoblin barely misses you. The goblin hits you but does no damage.
The goblin unwields a +0 hunting sling.
The goblin wields a +0 dagger.
The goblin hits you but does no damage. The hobgoblin closely misses you.
You hit the goblin.
The goblin is severely wounded.
The hobgoblin no longer looks unusually strong.
The hobgoblin hits you.
You die...

#........#
#.######.#.#.#
#........# #.#
#.#.#.#
#........# #.#
..#.#..
#........# #.#
###.###
#........# #.#
# .♣♣.....#
#.# . ♣##'#.#
#.# .# #.#g#
#.# .# #.#@###
# #
#.ggg.#.###
#..g.......
###)#.#...#
#g#.# ..#
#)#'# .#
♣.........# #
#####.....#
#.....#


You could see Robin, 3 hobgoblins and 2 goblins.

Vanquished Creatures
  An adder (D:2)
  An ooze (D:1)
  2 dart slugs (D:1)
  2 leopard geckos (D:1)
  2 giant cockroaches
  8 goblins
  4 hobgoblins
  7 kobolds (D:1)
  6 bats (D:1)
  4 frilled lizards (D:1)
  5 rats (D:1)
42 creatures vanquished.

Vanquished Creatures (others)
  A frilled lizard (D:1)
1 creature vanquished.

Grand Total: 43 creatures vanquished

Notes
Turn   | Place    | Note
-------+----------+-------------------------------------------
     0 | D:1      | Curus the Demonspawn Gladiator began the quest for the Orb.
     0 | D:1      | Reached XP level 1. HP: 16/16 MP: 1/1
    65 | D:1      | Reached skill level 3 in Staves
   100 | D:1      | Gained mutation: Your movements are slightly less
                  | encumbered by armour. (ER -2) [demonic ancestry]
   100 | D:1      | Reached XP level 2. HP: 12/22 MP: 2/2
   418 | D:1      | Gained mutation: You have a pair of small antennae on your
                  | head. [demonic ancestry]
   418 | D:1      | Reached XP level 3. HP: 25/27 MP: 3/3
   623 | D:1      | Reached skill level 4 in Staves
  1223 | D:2      | Noticed Robin
  1244 | D:2      | Slain by a hobgoblin

Levels and vault maps discovered:
D:1:      shiori_arrival_maze, layout_basic, minivault_5, lemuel_flame_loot_1
D:2:      layout_basic, xom_redecorated, serial_forest,
          infiniplex_forest_clump_double, infiniplex_forest_straight_1,
          infiniplex_forest_clump_double, infiniplex_forest_straight_5,
          infiniplex_forest_straight_2, infiniplex_forest_straight_2,
          infiniplex_forest_clump_double, minmay_unequal, uniq_robin

Skill      XL: |  1  2  3 |
---------------+----------+-----
Staves         | 3 4 |  4.4
Fighting       | |  2.0
Throwing       | |  1.7
Dodging        | |  2.6

Action                   || total
-------------------------++-------
Melee: Quarterstaff      ||   138
  Use: Scroll            ||     2
       Potion            ||     1
 Stab: Sleeping          ||     2
  Eat: Chunk             ||     1
Armor: Leather armour    ||    14
       Chain mail        ||    65
Dodge: Dodged            ||    83
